 Dungeon Crawl Stone Soup version 0.27-a0-1140-g099f9bb0e8 (webtiles) character file.

Game seed: 2475571164307027441

49 CurlyBrace the Chiller (level 3, 0/16 HPs)
             Began as a Felid Ice Elementalist on May 10, 2021.
             Slain by a rat (3 damage)
             ... in a sewer.
             The game lasted 00:05:35 (438 turns).

CurlyBrace the Chiller (Felid Ice Elementalist)      Turns: 438, Time: 00:05:36

Health: 0/16       AC:  1    Str:  5    XL:     3   Next: 51%
Magic:  5/7        EV: 17    Int: 16    God:
Gold:   55         SH:  0    Dex: 16    Spells: 2/6 levels left
                                        Lives:  0   Deaths: 0

rFire    . . .     SeeInvis +     - Unarmed
rCold    . . .     Faith    .   (shield unavailable)
rNeg     . . .     Spirit   .   (armour unavailable)
rPois    .         Reflect  .   (helmet unavailable)
rElec    .         Harm     .   (cloak unavailable)
rCorr    .         Rampage  .   (gloves unavailable)
Will     .....                  (boots unavailable)
Stlth    ++........             (no amulet)
HPRegen  0.05/turn              (no ring)
MPRegen  0.10/turn              (no ring)

@: very slightly contaminated, quick
A: very small, claws 1, fangs 3, see invisible, speed 1, shaggy fur 1, stealthy
paws, no weapons or thrown items, no armour, multi-lived
a: no special abilities


You were in a sewer.
You visited 1 branch of the dungeon, and saw 3 of its levels.
You also visited: Sewer.

You collected 55 gold pieces.

Inventory:

Missiles
 a - 16 stones
Jewellery
 k - a ring of resist corrosion
   (You found it on level 2 of the Dungeon)


   Skills:
 * Level 1.9 Fighting
 - Level 3.0 Dodging
 - Level 3.0 Stealth
 * Level 2.0 Unarmed Combat
 + Level 2.0 Spellcasting
 + Level 3.6 Ice Magic


You had 2 spell levels left.
You knew the following spells:

 Your Spells              Type           Power      Damage    Failure   Level
a - Freeze                Ice            52%        1d7       4%          1
b - Frozen Ramparts       Ice            26%        1d4       14%         3

Your spell library contained the following spells:

 Spells                   Type           Power      Damage    Failure   Level
 Ozocubu's Armour         Ice            13%        N/A       14%         3
 Confusing Touch          Hex            1%         N/A       52%         3
 Gell's Gravitas          Tloc           0%         N/A       52%         3
 Hailstorm                Conj/Ice       7%         3d4       69%         4
 Petrify                  Tmut/Erth      1%         N/A       90%         4
 Metabolic Englaciation   Hex/Ice        3%         N/A       95%         5
 Yara's Violent Unravell  Hex/Tmut       0%         3d3       99%         5


Dungeon Overview and Level Annotations

Branches:
Dungeon (3/15)              Sewer (1/1)

Altars:

Annotations:
D:2 Robin
D:3 exclusion: upstairs


Innate Abilities, Weirdness & Mutations

You have sharp claws.
You have razor-sharp teeth.
You have supernaturally acute eyesight. (SInv)
You cover ground quickly. (Speed+)
You are covered in fur. (AC +1)
Your paws help you pounce on unaware monsters.
You are incapable of wielding weapons or throwing items.
You cannot wear armour.
You gain extra lives every three experience levels.


Message History

Your magical contamination has completely faded away.
There is a glowing drain here.
This spell is potentially lethal to cast!
Memorise Frozen Ramparts, consuming 3 spell levels and leaving 2?
You start memorising the spell.
You continue memorising. x3
You finish memorising.
Spell assigned to 'b'.
Okay, then.
The world spins around you as you enter the gateway.
You enter a sewer! 4 rats come into view.
Found a gate leading back out of this place.
There is an empty arch of ancient stone here.
There is an empty arch of ancient stone here.
You scratch the rat.
The rat is heavily wounded.
The rat bites you.
* * * LOW HITPOINT WARNING * * *
Casting: Freeze (safe; 4% risk of failure)
Confirm with . or Enter, or press ? or * to list all spells.
Aiming: Freeze (safe; 4% risk of failure)
Press: ? - help, Shift-Dir - straight line, f - rat
Aim: a rat You miscast Freeze.
You are very lightly contaminated with residual magic.
Nothing appears to happen.
The rat bites you.
* * * LOW HITPOINT WARNING * * *
The rat barely misses you.
Casting: Freeze (safe; 4% risk of failure)
Confirm with . or Enter, or press ? or * to list all spells.
Aiming: Freeze (safe; 4% risk of failure)
Press: ? - help, Shift-Dir - straight line, f/p - rat
Aim: a rat You freeze the rat!
You kill the rat!
The rat barely misses you.
Unknown command.
You closely miss the rat.
The rat is heavily wounded.
The rat bites you.
You die...

#≈#
#.#
#.#
#r#
#.#
#.#
#r#
#r#
#@#
#∩#
#.#
#.#
#.#
#.#
###


You could see 3 rats.

Vanquished Creatures
  2 adders
  A river rat (D:3)
  A bat (D:1)
  3 giant cockroaches
  2 goblins
  A kobold (D:1)
  A quokka (D:2)
  3 ball pythons
  5 frilled lizards
  6 rats
25 creatures vanquished.

Notes
Turn   | Place    | Note
-------+----------+-------------------------------------------
     0 | D:1      | CurlyBrace the Felid Ice Elementalist began the quest for
                  | the Orb.
     0 | D:1      | Reached XP level 1. HP: 7/7 MP: 4/4
   142 | D:2      | Reached XP level 2. HP: 8/12 MP: 4/6
   184 | D:2      | Reached skill level 1 in Fighting
   184 | D:2      | Reached skill level 1 in Unarmed Combat
   227 | D:2      | Noticed Robin
   400 | D:3      | Reached XP level 3. HP: 12/15 MP: 3/7
   418 | D:3      | Found a glowing drain.
   430 | D:3      | Learned a level 3 spell: Frozen Ramparts
   431 | Sewer    | Entered a sewer
   438 | Sewer    | Slain by a rat

Illustrated notes

Levels and vault maps discovered:
D:1:      minmay_arrival_cross, layout_loops_ring, ebering_ecumenical_altar_hall
D:2:      layout_loops_corners, grunt_ministairs_9, grunt_decor_mini_mirrors,
          chequers_serial_rivers_small_b, uniq_robin
D:3:      layout_loops_corners, serial_shops, shop_statue, portal_sewer_entry_b
Sewer:    sewer_kobolds

Skill      XL: |  1  2  3 |
---------------+----------+-----
Fighting       | 1 |  1.9
Dodging        | 3 |  3.0
Stealth        | 3 |  3.0
Unarmed Combat | 1 2 |  2.0
Spellcasting   | |  2.0
Ice Magic      | |  3.6

Action                   || total
-------------------------++-------
Melee: Unarmed           ||    37
       Bite              ||     5
 Cast: Freeze            ||    18
  Use: Potion            ||     2
       Scroll            ||     1
 Stab: Sleeping          ||     4
       Invisible         ||     3
Dodge: Dodged            ||    26

Table legend: (Time is in decaauts)
 A = Elapsed time spent in this place.
 B = Non-inter-level travel time spent in this place.
 C = Inter-level travel time spent in this place.
 D = Time resting spent in this place.
 E = Time spent auto-exploring this place.
 F = Levels seen in this place.
 G = Mean time per level.
                   A        B        C        D        E       F      G
               +--------+--------+--------+--------+--------+-----+--------+
         Total |    372 |    372 |      0 |      0 |      0 |   4 |   93.0 |
       Dungeon |    366 |    366 |      0 |      0 |      0 |   3 |  122.0 |
         Sewer |      6 |      6 |      0 |      0 |      0 |   1 |    6.0 |
               +--------+--------+--------+--------+--------+-----+--------+

Top non-repeatable levels by time:
     D:3: 157 daAuts
     D:2: 105 daAuts
     D:1: 103 daAuts
   Sewer: 6 daAuts
